[ PARTIDA AOE2 · #458414666 ]
UnrankedFrancos vs Goths
[ ANÁLISIS DE REPETICIÓN · EXTRAÍDO DE LA PARTIDA GRABADA ]
Feudal
11:25
Castillos
21:35
Imperial
37:20
| APM promedio | 23.3 |
| APM pico | 48 |
| eAPM promedio | 16.5 |
| Aldeanos / militares | 132 / 45 |
Foco
⚔️ 26.5% · 🌾 73.5%
Throwing Axeman ×20 · Monk ×8 · Petard ×5 · Mangonel ×4 · Battering Ram ×4 · Trebuchet (Packed) ×4
Feudal
10:53
Castillos
20:23
Imperial
33:58
| APM promedio | 71.3 |
| APM pico | 220 |
| eAPM promedio | 42.3 |
| Aldeanos / militares | 149 / 394 |
Foco
⚔️ 33.6% · 🌾 66.4%
Spearman ×333 · Huskarl ×40 · Militia ×8 · Trebuchet (Packed) ×8 · Skirmisher ×5
Feudal
10:39
Castillos
15:14
Imperial
38:17
| APM promedio | 26.0 |
| APM pico | 67 |
| eAPM promedio | 15.2 |
| Aldeanos / militares | 150 / 106 |
Foco
⚔️ 27.6% · 🌾 72.4%
War Wagon ×95 · Bombard Cannon ×8 · Spearman ×2 · Trebuchet (Packed) ×1
Feudal
9:20
Castillos
23:11
Imperial
—
| APM promedio | 39.5 |
| APM pico | 68 |
| eAPM promedio | 17.1 |
| Aldeanos / militares | 130 / 136 |
Foco
⚔️ 31.5% · 🌾 68.5%
Scorpion ×39 · Spearman ×36 · Mangudai ×35 · Skirmisher ×14 · Archer ×6 · Cavalry Archer ×4
Feudal
—
Castillos
—
Imperial
—
| APM promedio | 25.8 |
| APM pico | 54 |
| eAPM promedio | 19.6 |
| Aldeanos / militares | 208 / 109 |
Foco
⚔️ 17.2% · 🌾 82.8%
Knight ×87 · Camel Scout ×19 · Monk ×2 · Scorpion ×1
Feudal
10:33
Castillos
14:31
Imperial
44:22
| APM promedio | 35.5 |
| APM pico | 104 |
| eAPM promedio | 16.6 |
| Aldeanos / militares | 127 / 45 |
Foco
⚔️ 14.9% · 🌾 85.1%
Skirmisher ×19 · Petard ×9 · Spearman ×5 · Battering Ram ×5 · Mangonel ×4 · Unknown (2579) ×4
Feudal
9:01
Castillos
24:18
Imperial
40:09
| APM promedio | 48.7 |
| APM pico | 87 |
| eAPM promedio | 27.0 |
| Aldeanos / militares | 101 / 16 |
Foco
⚔️ 32.9% · 🌾 67.1%
Battering Ram ×6 · Petard ×5 · Teutonic Knight ×3 · Spearman ×2
Feudal
9:28
Castillos
22:27
Imperial
36:25
| APM promedio | 27.0 |
| APM pico | 72 |
| eAPM promedio | 16.2 |
| Aldeanos / militares | 150 / 246 |
Foco
⚔️ 27.2% · 🌾 72.8%
Magyar Huszar ×105 · Skirmisher ×67 · Scout Cavalry ×66 · Knight ×8
Mapa de la partida
Recursos iniciales + cada clic de construcción. Líneas = muros · curvas = relieve. ◆ oro · ⬟ piedra · ● bayas · ✦ reliquia · ◌ hueco del cierre
Inputs por minuto
— El Revolver MEX - - Geolia
Build order — El Revolver MEX
Primeras 150 de 315 acciones detectadas
| 0:03 | Construir | House |
| 0:04 | Construir | House |
| 0:05 | Crear | Villager (Male) |
| 0:05 | Crear | Villager (Male) |
| 0:15 | Crear | Villager (Male) |
| 0:23 | Crear | Villager (Male) |
| 1:39 | Crear | Villager (Male) |
| 1:51 | Construir | Lumber Camp |
| 2:05 | Crear | Villager (Male) |
| 2:35 | Crear | Villager (Male) |
| 2:39 | Crear | Villager (Male) |
| 3:05 | Crear | Villager (Male) |
| 3:30 | Construir | House |
| 3:31 | Construir | House |
| 3:32 | Construir | House |
| 3:48 | Crear | Villager (Male) |
| 4:06 | Crear | Villager (Male) |
| 4:23 | Construir | Palisade Gate |
| 4:27 | Crear | Villager (Male) |
| 4:51 | Crear | Villager (Male) |
| 4:53 | Crear | Villager (Male) |
| 5:18 | Crear | Villager (Male) |
| 5:21 | Construir | House |
| 5:25 | Construir | Palisade Wall |
| 5:46 | Crear | Villager (Male) |
| 6:34 | Construir | Mill |
| 6:41 | Crear | Villager (Male) |
| 7:00 | Crear | Villager (Male) |
| 7:16 | Construir | Mining Camp |
| 7:35 | Crear | Villager (Male) |
| 7:57 | Crear | Villager (Male) |
| 8:24 | Crear | Villager (Male) |
| 8:42 | Construir | Farm |
| 8:49 | Crear | Villager (Male) |
| 9:00 | Investigar | Feudal Age |
| 9:35 | Construir | House |
| 9:36 | Construir | House |
| 9:41 | Construir | House |
| 9:46 | Construir | House |
| 9:49 | Construir | House |
| 9:49 | Construir | House |
| 9:51 | Construir | House |
| 10:00 | Investigar | Loom |
| 10:33 | Construir | Mining Camp |
| 11:25 | Edad | Edad Feudal |
| 11:33 | Construir | Watch Tower |
| 11:41 | Construir | Blacksmith |
| 11:43 | Construir | House |
| 11:50 | Crear | Villager (Male) |
| 11:55 | Construir | Farm |
| 12:15 | Construir | Stone Wall |
| 12:23 | Construir | Building 673 |
| 12:27 | Construir | Stone Wall |
| 12:32 | Construir | Building 487 |
| 12:38 | Construir | House |
| 12:55 | Crear | Villager (Male) |
| 13:00 | Investigar | Fletching |
| 13:01 | Crear | Villager (Male) |
| 13:10 | Crear | Villager (Male) |
| 13:14 | Construir | Farm |
| 13:16 | Construir | Farm |
| 13:20 | Construir | Farm |
| 13:23 | Construir | Farm |
| 13:27 | Construir | House |
| 13:28 | Crear | Villager (Male) |
| 13:48 | Crear | Villager (Male) |
| 13:59 | Construir | Farm |
| 14:22 | Construir | Farm |
| 14:47 | Construir | Farm |
| 14:55 | Crear | Villager (Male) |
| 15:18 | Crear | Villager (Male) |
| 15:22 | Crear | Villager (Male) |
| 15:24 | Investigar | Double-Bit Axe |
| 15:53 | Construir | Farm |
| 16:00 | Construir | Farm |
| 16:10 | Construir | Farm |
| 16:16 | Crear | Villager (Male) |
| 16:34 | Construir | Farm |
| 16:35 | Crear | Villager (Male) |
| 16:46 | Crear | Villager (Male) |
| 16:49 | Construir | Farm |
| 16:55 | Construir | Farm |
| 17:16 | Crear | Villager (Male) |
| 17:39 | Crear | Villager (Male) |
| 17:43 | Construir | Market |
| 18:09 | Crear | Villager (Male) |
| 18:12 | Construir | Farm |
| 18:15 | Construir | Farm |
| 18:55 | Investigar | Castle Age |
| 20:06 | Construir | Barracks |
| 20:51 | Investigar | Stone Mining |
| 20:54 | Investigar | Gold Mining |
| 21:00 | Investigar | Wheelbarrow |
| 21:35 | Edad | Edad de los Castillos |
| 21:40 | Construir | Town Center |
| 21:43 | Construir | Town Center |
| 21:48 | Construir | Town Center |
| 22:03 | Crear | Villager (Male) |
| 22:46 | Crear | Villager (Male) |
| 22:49 | Crear | Villager (Male) |
| 22:52 | Crear | Villager (Male) |
| 22:53 | Crear | Villager (Male) |
| 22:57 | Crear | Villager (Male) |
| 23:01 | Construir | Farm |
| 23:04 | Construir | Farm |
| 23:08 | Crear | Villager (Male) |
| 23:12 | Crear | Villager (Male) |
| 23:14 | Crear | Villager (Male) |
| 23:14 | Crear | Villager (Male) |
| 23:21 | Investigar | Bow Saw |
| 23:33 | Construir | University |
| 23:39 | Crear | Villager (Male) |
| 23:54 | Investigar | Bodkin Arrow |
| 23:57 | Crear | Villager (Male) |
| 24:06 | Crear | Villager (Male) |
| 24:07 | Crear | Villager (Male) |
| 24:07 | Crear | Villager (Male) |
| 24:07 | Crear | Villager (Male) |
| 24:11 | Construir | Farm |
| 24:12 | Construir | Farm |
| 24:12 | Construir | Farm |
| 24:12 | Construir | Farm |
| 24:12 | Construir | Farm |
| 24:17 | Construir | Farm |
| 24:19 | Construir | Farm |
| 24:20 | Crear | Villager (Male) |
| 24:31 | Crear | Villager (Male) |
| 25:00 | Construir | Farm |
| 25:02 | Construir | Farm |
| 25:07 | Construir | Farm |
| 25:08 | Crear | Villager (Male) |
| 25:08 | Crear | Villager (Male) |
| 25:08 | Crear | Villager (Male) |
| 25:09 | Crear | Villager (Male) |
| 25:19 | Construir | Siege Workshop |
| 25:19 | Crear | Villager (Male) |
| 25:24 | Crear | Villager (Male) |
| 25:41 | Crear | Villager (Male) |
| 25:41 | Crear | Villager (Male) |
| 25:42 | Crear | Villager (Male) |
| 25:52 | Crear | Villager (Male) |
| 25:52 | Crear | Villager (Male) |
| 25:57 | Construir | Farm |
| 25:58 | Crear | Mangonel |
| 25:59 | Crear | Mangonel |
| 26:16 | Construir | Watch Tower |
| 26:18 | Crear | Villager (Male) |
| 26:18 | Crear | Villager (Male) |
| 26:19 | Crear | Villager (Male) |
| 26:22 | Crear | Villager (Male) |
Build order — Geolia
Primeras 150 de 759 acciones detectadas
| 0:00 | Crear | Villager (Male) |
| 0:00 | Crear | Villager (Male) |
| 0:00 | Crear | Villager (Male) |
| 0:01 | Crear | Villager (Male) |
| 0:02 | Construir | House |
| 0:03 | Construir | House |
| 1:26 | Crear | Villager (Male) |
| 1:48 | Construir | Lumber Camp |
| 2:01 | Crear | Villager (Male) |
| 2:18 | Crear | Villager (Male) |
| 2:18 | Crear | Villager (Male) |
| 2:56 | Crear | Villager (Male) |
| 2:56 | Crear | Villager (Male) |
| 2:56 | Crear | Villager (Male) |
| 3:03 | Crear | Villager (Male) |
| 3:03 | Crear | Villager (Male) |
| 3:04 | Crear | Villager (Male) |
| 3:04 | Crear | Villager (Male) |
| 3:18 | Crear | Villager (Male) |
| 3:18 | Crear | Villager (Male) |
| 3:19 | Crear | Villager (Male) |
| 3:27 | Construir | House |
| 3:51 | Crear | Villager (Male) |
| 3:51 | Crear | Villager (Male) |
| 3:51 | Crear | Villager (Male) |
| 3:52 | Crear | Villager (Male) |
| 4:12 | Construir | House |
| 4:33 | Crear | Villager (Male) |
| 5:23 | Investigar | Loom |
| 5:26 | Crear | Villager (Male) |
| 5:26 | Crear | Villager (Male) |
| 5:26 | Crear | Villager (Male) |
| 5:26 | Crear | Villager (Male) |
| 5:42 | Construir | Barracks |
| 5:47 | Construir | Palisade Wall |
| 5:55 | Construir | Palisade Wall |
| 5:56 | Construir | Palisade Wall |
| 6:11 | Crear | Villager (Male) |
| 6:34 | Crear | Villager (Male) |
| 6:51 | Crear | Villager (Male) |
| 6:53 | Construir | Mill |
| 6:55 | Crear | Militia |
| 6:55 | Crear | Militia |
| 6:55 | Crear | Militia |
| 7:05 | Crear | Villager (Male) |
| 7:17 | Construir | House |
| 7:23 | Crear | Villager (Male) |
| 7:25 | Crear | Militia |
| 8:06 | Crear | Villager (Male) |
| 8:18 | Construir | Mining Camp |
| 8:43 | Investigar | Feudal Age |
| 8:43 | Investigar | Feudal Age |
| 8:49 | Crear | Militia |
| 8:49 | Crear | Militia |
| 8:49 | Crear | Militia |
| 8:58 | Construir | House |
| 9:17 | Crear | Militia |
| 10:05 | Construir | Palisade Gate |
| 10:06 | Construir | House |
| 10:07 | Construir | Palisade Wall |
| 10:12 | Crear | Villager (Male) |
| 10:53 | Edad | Edad Feudal |
| 10:54 | Investigar | Man-at-Arms (upgrade) |
| 10:55 | Investigar | Man-at-Arms (upgrade) |
| 10:56 | Crear | Villager (Male) |
| 10:58 | Investigar | Double-Bit Axe |
| 10:58 | Investigar | Double-Bit Axe |
| 10:58 | Investigar | Double-Bit Axe |
| 11:01 | Investigar | Horse Collar |
| 11:01 | Investigar | Horse Collar |
| 11:17 | Crear | Villager (Male) |
| 11:20 | Construir | Archery Range |
| 11:25 | Crear | Villager (Male) |
| 11:38 | Crear | Villager (Male) |
| 11:47 | Construir | Farm |
| 11:47 | Construir | Farm |
| 11:47 | Construir | Farm |
| 11:47 | Construir | Farm |
| 11:47 | Construir | Farm |
| 11:48 | Construir | Farm |
| 12:03 | Crear | Villager (Male) |
| 12:14 | Construir | Farm |
| 12:16 | Construir | Farm |
| 12:18 | Construir | Farm |
| 12:32 | Crear | Villager (Male) |
| 12:40 | Construir | Farm |
| 12:41 | Construir | Farm |
| 12:56 | Crear | Skirmisher |
| 13:03 | Construir | Farm |
| 13:17 | Crear | Villager (Male) |
| 13:19 | Crear | Skirmisher |
| 13:19 | Crear | Skirmisher |
| 13:20 | Crear | Skirmisher |
| 13:50 | Crear | Spearman |
| 13:55 | Construir | House |
| 14:08 | Construir | Market |
| 14:18 | Construir | House |
| 14:19 | Crear | Villager (Male) |
| 14:26 | Crear | Skirmisher |
| 14:27 | Crear | Villager (Male) |
| 14:35 | Crear | Villager (Male) |
| 14:38 | Construir | House |
| 14:38 | Construir | House |
| 14:40 | Construir | Farm |
| 15:02 | Construir | House |
| 15:17 | Crear | Villager (Male) |
| 15:21 | Construir | Farm |
| 15:22 | Construir | Farm |
| 15:22 | Construir | Farm |
| 15:22 | Construir | Farm |
| 15:22 | Construir | Farm |
| 15:22 | Construir | Farm |
| 15:29 | Crear | Villager (Male) |
| 15:33 | Construir | House |
| 15:36 | Construir | House |
| 15:48 | Construir | Farm |
| 15:52 | Construir | Farm |
| 15:54 | Crear | Villager (Male) |
| 16:11 | Construir | Farm |
| 16:20 | Construir | Farm |
| 16:21 | Crear | Villager (Male) |
| 16:49 | Construir | Mining Camp |
| 17:12 | Crear | Villager (Male) |
| 17:32 | Construir | House |
| 17:34 | Construir | House |
| 17:35 | Construir | House |
| 17:36 | Construir | House |
| 17:43 | Investigar | Castle Age |
| 17:43 | Investigar | Castle Age |
| 17:43 | Investigar | Castle Age |
| 18:19 | Investigar | Stone Mining |
| 18:28 | Construir | House |
| 18:36 | Construir | House |
| 18:51 | Construir | House |
| 18:54 | Construir | House |
| 18:56 | Construir | Palisade Wall |
| 19:04 | Crear | Villager (Male) |
| 19:18 | Construir | House |
| 19:20 | Construir | House |
| 19:22 | Construir | House |
| 19:35 | Crear | Villager (Male) |
| 19:56 | Construir | Blacksmith |
| 20:04 | Construir | House |
| 20:08 | Construir | House |
| 20:14 | Construir | House |
| 20:23 | Edad | Edad de los Castillos |
| 20:33 | Construir | Castle |
| 20:41 | Crear | Villager (Male) |
| 20:53 | Crear | Villager (Male) |
| 20:56 | Investigar | Bow Saw |
Build order — Sebastianquijanog
Primeras 150 de 336 acciones detectadas
| 0:01 | Crear | Villager (Male) ×4 |
| 0:01 | Crear | Villager (Male) ×4 |
| 0:04 | Construir | House |
| 0:07 | Construir | House |
| 1:24 | Crear | Villager (Male) |
| 1:45 | Construir | Lumber Camp |
| 2:02 | Crear | Villager (Male) |
| 2:18 | Crear | Villager (Male) |
| 2:41 | Construir | House |
| 2:51 | Crear | Villager (Male) |
| 3:05 | Crear | Villager (Male) |
| 3:22 | Construir | Palisade Wall |
| 3:31 | Construir | House |
| 3:44 | Crear | Villager (Male) |
| 3:45 | Crear | Villager (Male) |
| 3:56 | Crear | Villager (Male) |
| 4:42 | Crear | Villager (Male) |
| 4:42 | Crear | Villager (Male) |
| 4:42 | Crear | Villager (Male) |
| 4:59 | Construir | Building 796 |
| 5:10 | Crear | Villager (Male) |
| 5:11 | Crear | Villager (Male) |
| 5:18 | Construir | Mill |
| 6:07 | Crear | Villager (Male) |
| 6:27 | Crear | Villager (Male) |
| 6:54 | Crear | Villager (Male) |
| 7:28 | Crear | Villager (Male) |
| 7:41 | Crear | Villager (Male) |
| 7:44 | Construir | Barracks |
| 7:57 | Crear | Villager (Male) |
| 8:12 | Construir | Mining Camp |
| 8:29 | Investigar | Feudal Age |
| 8:29 | Investigar | Feudal Age |
| 8:38 | Construir | House |
| 10:20 | Crear | Villager (Male) |
| 10:20 | Crear | Villager (Male) |
| 10:39 | Edad | Edad Feudal |
| 10:42 | Construir | Market |
| 10:53 | Construir | Blacksmith |
| 11:15 | Crear | Villager (Male) |
| 11:55 | Crear | Villager (Male) |
| 12:34 | Investigar | Castle Age |
| 13:08 | Investigar | Double-Bit Axe |
| 13:11 | Investigar | Horse Collar |
| 13:25 | Construir | Mining Camp |
| 13:40 | Construir | House |
| 13:42 | Construir | House |
| 13:46 | Construir | House |
| 14:04 | Construir | Farm |
| 14:08 | Construir | Farm |
| 14:25 | Crear | Spearman |
| 14:29 | Crear | Spearman |
| 15:08 | Construir | Farm |
| 15:14 | Edad | Edad de los Castillos |
| 15:14 | Construir | Farm |
| 15:15 | Construir | Farm |
| 15:16 | Crear | Villager (Male) |
| 15:17 | Crear | Villager (Male) |
| 15:30 | Investigar | Loom |
| 16:21 | Crear | Villager (Male) |
| 16:45 | Crear | Villager (Male) |
| 16:48 | Investigar | Fletching |
| 17:28 | Crear | Villager (Male) |
| 17:33 | Construir | Castle |
| 17:35 | Construir | Mining Camp |
| 17:58 | Crear | Villager (Male) |
| 17:59 | Crear | Villager (Male) |
| 18:03 | Construir | Farm |
| 18:04 | Construir | Farm |
| 18:05 | Construir | Farm |
| 18:31 | Crear | Villager (Male) |
| 18:37 | Construir | Farm |
| 18:41 | Crear | War Wagon |
| 18:42 | Crear | War Wagon |
| 18:45 | Crear | War Wagon |
| 19:07 | Crear | Villager (Male) |
| 19:43 | Construir | Town Center |
| 19:47 | Crear | Villager (Male) |
| 19:48 | Crear | Villager (Male) |
| 19:49 | Crear | War Wagon |
| 20:06 | Crear | Villager (Male) |
| 20:07 | Crear | Villager (Male) |
| 20:33 | Crear | War Wagon |
| 20:33 | Crear | War Wagon |
| 20:34 | Crear | War Wagon |
| 20:35 | Crear | Villager (Male) |
| 20:35 | Crear | Villager (Male) |
| 21:39 | Crear | War Wagon |
| 21:40 | Crear | War Wagon |
| 21:42 | Crear | Villager (Male) |
| 21:42 | Crear | Villager (Male) |
| 21:47 | Crear | Villager (Male) |
| 21:47 | Crear | Villager (Male) |
| 21:48 | Crear | Villager (Male) |
| 21:48 | Crear | Villager (Male) |
| 21:48 | Crear | Villager (Male) |
| 22:41 | Crear | Villager (Male) |
| 22:41 | Crear | Villager (Male) |
| 22:42 | Crear | Villager (Male) |
| 22:51 | Crear | Villager (Male) |
| 23:02 | Construir | Castle |
| 23:06 | Crear | War Wagon |
| 23:08 | Crear | War Wagon |
| 23:13 | Construir | University |
| 23:17 | Crear | Villager (Male) |
| 23:30 | Construir | Lumber Camp |
| 23:41 | Construir | Farm |
| 23:42 | Construir | Farm |
| 23:43 | Construir | Farm |
| 23:44 | Construir | Farm |
| 24:11 | Crear | War Wagon |
| 24:11 | Crear | War Wagon |
| 24:12 | Crear | Villager (Male) |
| 24:13 | Crear | Villager (Male) |
| 24:21 | Crear | Villager (Male) |
| 24:22 | Crear | Villager (Male) |
| 24:28 | Crear | Villager (Male) |
| 24:35 | Construir | Town Center |
| 24:41 | Crear | Villager (Male) |
| 25:03 | Construir | Watch Tower |
| 25:12 | Investigar | Ballistics |
| 25:13 | Investigar | Ballistics |
| 25:14 | Crear | Villager (Male) |
| 25:14 | Crear | Villager (Male) |
| 25:24 | Investigar | Bow Saw |
| 25:24 | Investigar | Bow Saw |
| 25:28 | Crear | Villager (Male) |
| 25:37 | Crear | Villager (Male) |
| 25:37 | Crear | Villager (Male) |
| 25:50 | Crear | Villager (Male) |
| 25:57 | Crear | War Wagon |
| 25:57 | Crear | War Wagon |
| 26:02 | Crear | War Wagon |
| 26:06 | Crear | Villager (Male) |
| 26:21 | Construir | Watch Tower |
| 26:42 | Crear | War Wagon ×2 |
| 27:33 | Crear | War Wagon ×5 |
| 27:39 | Crear | Villager (Male) |
| 27:39 | Crear | Villager (Male) |
| 27:40 | Crear | Villager (Male) |
| 27:45 | Crear | Villager (Male) |
| 27:47 | Construir | Mining Camp |
| 27:52 | Crear | Villager (Male) |
| 27:52 | Crear | Villager (Male) |
| 27:59 | Construir | Watch Tower |
| 28:12 | Investigar | Bodkin Arrow |
| 28:15 | Construir | Farm |
| 28:21 | Construir | Mill |
| 28:57 | Construir | Watch Tower |
| 29:02 | Crear | Villager (Male) |
Build order — chentever.twitch
Primeras 150 de 394 acciones detectadas
| 0:01 | Crear | Villager (Male) |
| 0:01 | Crear | Villager (Male) |
| 0:01 | Crear | Villager (Male) |
| 0:02 | Crear | Villager (Male) |
| 0:02 | Crear | Villager (Male) |
| 0:04 | Construir | House |
| 0:05 | Construir | House |
| 1:24 | Crear | Villager (Male) |
| 1:53 | Crear | Villager (Male) |
| 2:13 | Construir | Lumber Camp |
| 2:19 | Crear | Villager (Male) |
| 2:20 | Crear | Villager (Male) |
| 2:20 | Crear | Villager (Male) |
| 2:36 | Crear | Villager (Male) |
| 2:53 | Crear | Villager (Male) |
| 2:53 | Crear | Villager (Male) |
| 3:20 | Crear | Villager (Male) |
| 3:53 | Construir | Mill |
| 4:02 | Construir | House |
| 4:06 | Crear | Villager (Male) |
| 4:06 | Crear | Villager (Male) |
| 4:07 | Crear | Villager (Male) |
| 4:39 | Construir | House |
| 4:40 | Crear | Villager (Male) |
| 4:41 | Crear | Villager (Male) |
| 4:48 | Construir | Mill |
| 5:16 | Construir | House |
| 5:45 | Investigar | Loom |
| 6:00 | Construir | Building 796 |
| 6:21 | Construir | House |
| 6:22 | Construir | House |
| 7:10 | Investigar | Feudal Age |
| 7:30 | Construir | Barracks |
| 8:13 | Crear | Villager (Male) |
| 8:44 | Crear | Villager (Male) |
| 8:45 | Crear | Villager (Male) |
| 9:20 | Edad | Edad Feudal |
| 9:24 | Construir | Watch Tower |
| 9:32 | Construir | Archery Range |
| 9:40 | Construir | House |
| 9:46 | Crear | Villager (Male) |
| 9:51 | Construir | House |
| 9:59 | Crear | Villager (Male) |
| 10:20 | Crear | Villager (Male) |
| 10:21 | Investigar | Town Watch |
| 10:26 | Crear | Skirmisher |
| 10:26 | Crear | Skirmisher |
| 10:35 | Crear | Villager (Male) |
| 10:56 | Crear | Archer |
| 10:57 | Crear | Skirmisher |
| 11:27 | Crear | Skirmisher |
| 11:44 | Crear | Villager (Male) |
| 11:45 | Crear | Villager (Male) |
| 11:50 | Construir | House |
| 11:56 | Construir | House |
| 12:05 | Crear | Skirmisher |
| 12:19 | Crear | Skirmisher |
| 12:43 | Crear | Archer |
| 12:54 | Construir | Building 796 |
| 12:55 | Construir | House |
| 12:56 | Construir | House |
| 13:04 | Crear | Skirmisher |
| 13:17 | Crear | Skirmisher |
| 13:36 | Crear | Villager (Male) |
| 13:41 | Construir | Blacksmith |
| 13:46 | Crear | Villager (Male) |
| 13:47 | Crear | Villager (Male) |
| 14:22 | Investigar | Wheelbarrow |
| 14:34 | Construir | Mill |
| 14:44 | Crear | Villager (Male) |
| 14:44 | Crear | Villager (Male) |
| 14:48 | Crear | Skirmisher |
| 14:49 | Crear | Skirmisher |
| 14:49 | Crear | Skirmisher |
| 15:23 | Crear | Villager (Male) |
| 15:26 | Construir | Farm |
| 15:27 | Construir | Farm |
| 15:42 | Construir | Mining Camp |
| 15:58 | Construir | Mining Camp |
| 16:10 | Crear | Villager (Male) |
| 16:49 | Investigar | Double-Bit Axe |
| 16:54 | Construir | Farm |
| 16:55 | Construir | Farm |
| 17:11 | Crear | Skirmisher |
| 17:11 | Crear | Skirmisher |
| 17:33 | Construir | Market |
| 17:43 | Crear | Villager (Male) |
| 17:48 | Construir | Farm |
| 17:50 | Construir | Farm |
| 18:03 | Crear | Skirmisher |
| 18:39 | Crear | Archer |
| 18:40 | Crear | Archer |
| 18:40 | Crear | Archer |
| 18:54 | Construir | Farm |
| 19:13 | Crear | Spearman |
| 19:17 | Crear | Spearman |
| 19:17 | Crear | Spearman |
| 19:57 | Construir | Farm |
| 19:57 | Construir | Farm |
| 20:31 | Investigar | Castle Age |
| 20:34 | Crear | Spearman |
| 20:35 | Crear | Spearman |
| 20:51 | Crear | Spearman |
| 20:52 | Crear | Spearman |
| 21:03 | Investigar | Fletching |
| 21:03 | Investigar | Fletching |
| 21:28 | Crear | Spearman |
| 21:28 | Crear | Spearman ×2 |
| 21:50 | Investigar | Padded Archer Armor |
| 21:56 | Crear | Villager (Male) |
| 21:56 | Crear | Villager (Male) |
| 22:23 | Construir | Stone Wall |
| 22:29 | Crear | Spearman |
| 22:29 | Crear | Spearman |
| 22:48 | Crear | Villager (Male) |
| 22:49 | Crear | Villager (Male) |
| 22:58 | Crear | Spearman |
| 23:05 | Construir | Barracks |
| 23:11 | Edad | Edad de los Castillos |
| 23:11 | Crear | Archer |
| 23:18 | Crear | Cavalry Archer |
| 23:18 | Crear | Cavalry Archer |
| 23:25 | Investigar | Squires |
| 23:37 | Crear | Spearman |
| 23:37 | Crear | Spearman |
| 23:37 | Crear | Spearman ×5 |
| 23:38 | Crear | Spearman ×5 |
| 23:54 | Crear | Villager (Male) |
| 24:09 | Crear | Villager (Male) |
| 24:11 | Construir | House |
| 24:11 | Construir | House |
| 24:34 | Construir | Castle |
| 24:47 | Investigar | Pikeman (upgrade) |
| 24:55 | Crear | Villager (Male) |
| 24:56 | Crear | Villager (Male) |
| 25:01 | Construir | Lumber Camp |
| 25:20 | Investigar | Arson |
| 25:31 | Crear | Villager (Male) |
| 25:31 | Crear | Villager (Male) |
| 25:48 | Crear | Spearman |
| 25:49 | Crear | Spearman |
| 25:57 | Crear | Villager (Male) |
| 26:07 | Construir | Farm |
| 26:08 | Construir | Farm |
| 26:11 | Construir | House |
| 26:11 | Construir | House |
| 26:12 | Construir | House |
| 26:16 | Construir | House |
| 26:52 | Crear | Cavalry Archer |
| 26:52 | Crear | Cavalry Archer |
Build order — Tameryig1t
Primeras 150 de 528 acciones detectadas
| 0:01 | Crear | Villager (Male) |
| 0:02 | Crear | Villager (Male) |
| 0:02 | Crear | Villager (Male) |
| 0:03 | Construir | House |
| 0:04 | Construir | House |
| 0:18 | Crear | Villager (Male) |
| 0:19 | Crear | Villager (Male) |
| 1:42 | Crear | Villager (Male) |
| 1:42 | Crear | Villager (Male) |
| 2:06 | Construir | Lumber Camp |
| 2:19 | Crear | Villager (Male) |
| 2:20 | Crear | Villager (Male) |
| 3:00 | Construir | House |
| 3:03 | Construir | House |
| 3:08 | Construir | Palisade Wall |
| 3:25 | Crear | Villager (Male) |
| 3:26 | Crear | Villager (Male) |
| 3:26 | Crear | Villager (Male) |
| 4:02 | Construir | Palisade Gate |
| 4:28 | Crear | Villager (Male) |
| 4:54 | Crear | Villager (Male) |
| 5:20 | Construir | Mill |
| 5:25 | Crear | Villager (Male) |
| 5:25 | Crear | Villager (Male) |
| 5:25 | Crear | Villager (Male) |
| 5:26 | Crear | Villager (Male) |
| 5:39 | Construir | House |
| 5:44 | Crear | Villager (Male) |
| 5:59 | Crear | Villager (Male) |
| 6:20 | Construir | House |
| 6:23 | Construir | Palisade Wall |
| 6:27 | Construir | Palisade Gate |
| 7:07 | Crear | Villager (Male) |
| 7:39 | Construir | Mining Camp |
| 7:44 | Construir | Mining Camp |
| 8:03 | Investigar | Feudal Age |
| 8:51 | Construir | Farm |
| 8:52 | Construir | Farm |
| 8:52 | Construir | Farm |
| 8:52 | Construir | Farm |
| 8:52 | Construir | Farm |
| 8:53 | Construir | Farm |
| 8:53 | Construir | Farm |
| 8:53 | Construir | Farm |
| 9:09 | Construir | Farm |
| 9:09 | Construir | Farm |
| 9:32 | Construir | Farm |
| 9:33 | Crear | Villager (Male) |
| 9:37 | Construir | Farm |
| 9:49 | Construir | Farm |
| 9:56 | Construir | Farm |
| 10:00 | Crear | Villager (Male) |
| 10:03 | Crear | Villager (Male) |
| 10:11 | Construir | Farm |
| 10:27 | Crear | Villager (Male) |
| 10:51 | Crear | Villager (Male) |
| 11:06 | Construir | Blacksmith |
| 12:30 | Construir | Market |
| 12:34 | Crear | Villager (Male) |
| 12:34 | Crear | Villager (Male) |
| 13:07 | Construir | Lumber Camp |
| 13:18 | Crear | Villager (Male) |
| 13:36 | Investigar | Castle Age |
| 13:49 | Investigar | Double-Bit Axe |
| 13:52 | Investigar | Horse Collar |
| 14:04 | Construir | House |
| 14:15 | Construir | Farm |
| 14:28 | Construir | Farm |
| 14:35 | Construir | Farm |
| 14:50 | Crear | Villager (Male) |
| 14:50 | Crear | Villager (Male) |
| 14:53 | Investigar | Scale Barding Armor |
| 15:05 | Construir | Barracks |
| 15:39 | Crear | Villager (Male) |
| 16:00 | Construir | Stable |
| 16:04 | Crear | Villager (Male) |
| 16:09 | Construir | Stable |
| 16:14 | Crear | Villager (Male) |
| 16:25 | Investigar | Chain Barding Armor |
| 16:36 | Crear | Camel Scout |
| 16:44 | Crear | Villager (Male) |
| 17:02 | Crear | Camel Scout |
| 17:05 | Crear | Villager (Male) |
| 17:10 | Construir | Town Center |
| 17:42 | Construir | House |
| 17:43 | Construir | House |
| 17:54 | Investigar | Light Cavalry (upgrade) |
| 17:54 | Investigar | Husbandry |
| 18:15 | Crear | Villager (Male) |
| 18:15 | Crear | Villager (Male) |
| 18:22 | Construir | Town Center |
| 18:25 | Crear | Villager (Male) |
| 18:30 | Crear | Camel Scout |
| 18:31 | Crear | Camel Scout |
| 18:31 | Crear | Camel Scout |
| 18:53 | Crear | Camel Scout |
| 19:00 | Crear | Villager (Male) |
| 19:01 | Crear | Villager (Male) |
| 19:03 | Crear | Villager (Male) |
| 19:03 | Crear | Villager (Male) |
| 19:06 | Construir | Farm |
| 19:08 | Construir | Farm |
| 19:11 | Construir | Farm |
| 19:16 | Construir | Farm |
| 19:26 | Construir | Farm |
| 19:36 | Construir | Farm |
| 19:42 | Construir | Farm |
| 19:46 | Crear | Camel Scout |
| 19:46 | Crear | Camel Scout |
| 19:50 | Crear | Villager (Male) |
| 19:50 | Crear | Villager (Male) |
| 20:03 | Crear | Villager (Male) |
| 20:03 | Crear | Villager (Male) |
| 20:05 | Crear | Villager (Male) |
| 20:08 | Construir | Farm |
| 20:23 | Crear | Villager (Male) |
| 20:31 | Construir | Farm |
| 20:34 | Construir | Farm |
| 20:39 | Construir | Farm |
| 20:39 | Crear | Villager (Male) |
| 20:40 | Crear | Villager (Male) |
| 20:59 | Crear | Villager (Male) |
| 20:59 | Crear | Villager (Male) |
| 20:59 | Crear | Villager (Male) |
| 21:03 | Construir | Farm |
| 21:03 | Construir | Farm |
| 21:03 | Construir | Farm |
| 21:03 | Construir | Farm |
| 21:04 | Construir | Farm |
| 21:04 | Construir | Farm |
| 21:04 | Construir | Farm |
| 21:04 | Construir | Farm |
| 21:05 | Construir | Farm |
| 21:07 | Crear | Villager (Male) |
| 21:12 | Construir | Farm |
| 21:12 | Construir | Farm |
| 21:12 | Construir | Farm |
| 21:12 | Construir | Farm |
| 21:13 | Construir | Farm |
| 21:24 | Crear | Camel Scout |
| 21:27 | Crear | Camel Scout |
| 21:35 | Construir | House |
| 21:37 | Construir | House |
| 21:38 | Construir | House |
| 21:39 | Construir | House |
| 21:39 | Construir | House |
| 21:40 | Construir | House |
| 21:45 | Crear | Villager (Male) |
| 21:46 | Crear | Villager (Male) |
| 21:46 | Crear | Villager (Male) |
Build order — Mr_Mantequilla
Primeras 150 de 327 acciones detectadas
| 0:02 | Crear | Villager (Male) |
| 0:02 | Crear | Villager (Male) |
| 0:02 | Crear | Villager (Male) |
| 0:03 | Construir | House |
| 0:05 | Construir | House |
| 0:24 | Crear | Villager (Male) |
| 0:24 | Crear | Villager (Male) |
| 1:07 | Crear | Villager (Male) |
| 1:43 | Crear | Villager (Male) |
| 1:48 | Construir | Settlement |
| 2:32 | Crear | Villager (Male) |
| 2:33 | Crear | Villager (Male) |
| 3:15 | Crear | Villager (Male) |
| 3:30 | Investigar | Loom |
| 3:48 | Crear | Villager (Male) |
| 3:48 | Crear | Villager (Male) |
| 4:13 | Crear | Villager (Male) |
| 4:49 | Construir | Settlement |
| 4:51 | Crear | Villager (Male) |
| 5:41 | Crear | Villager (Male) |
| 5:47 | Crear | Villager (Male) |
| 6:01 | Crear | Villager (Male) |
| 6:08 | Crear | Villager (Male) |
| 6:20 | Crear | Villager (Male) |
| 7:07 | Construir | House |
| 7:10 | Construir | Palisade Gate |
| 7:36 | Crear | Villager (Male) |
| 8:04 | Construir | House |
| 8:23 | Investigar | Feudal Age |
| 10:23 | Construir | Settlement |
| 10:33 | Edad | Edad Feudal |
| 10:40 | Construir | Market |
| 10:44 | Construir | Blacksmith |
| 10:49 | Crear | Villager (Male) |
| 10:49 | Crear | Villager (Male) |
| 11:49 | Crear | Villager (Male) |
| 11:51 | Investigar | Castle Age |
| 12:26 | Construir | Barracks |
| 13:08 | Crear | Spearman |
| 13:09 | Crear | Spearman |
| 13:09 | Crear | Spearman |
| 13:22 | Investigar | Double-Bit Axe |
| 13:53 | Crear | Spearman |
| 14:09 | Construir | Settlement |
| 14:17 | Crear | Spearman |
| 14:31 | Edad | Edad de los Castillos |
| 14:41 | Construir | Castle |
| 15:22 | Crear | Villager (Male) |
| 16:39 | Crear | Villager (Male) |
| 16:39 | Crear | Villager (Male) |
| 16:54 | Construir | House |
| 17:19 | Construir | House |
| 17:21 | Crear | Villager (Male) |
| 17:42 | Construir | House |
| 17:46 | Construir | Siege Workshop |
| 17:49 | Crear | Villager (Male) |
| 18:19 | Crear | Mangonel |
| 18:29 | Construir | Settlement |
| 18:42 | Crear | Villager (Male) |
| 19:13 | Crear | Scorpion |
| 19:19 | Crear | Villager (Male) |
| 19:31 | Crear | Battering Ram |
| 20:03 | Crear | Mangonel |
| 20:41 | Construir | House |
| 20:52 | Crear | Scorpion |
| 21:44 | Crear | Scorpion |
| 21:53 | Construir | House |
| 22:46 | Crear | Villager (Male) |
| 22:47 | Crear | Villager (Male) |
| 22:47 | Crear | Villager (Male) |
| 22:57 | Construir | Town Center |
| 23:10 | Crear | Villager (Male) |
| 23:30 | Crear | Battering Ram |
| 23:38 | Crear | Villager (Male) |
| 23:48 | Crear | Villager (Male) |
| 24:09 | Crear | Villager (Male) |
| 24:27 | Crear | Villager (Male) |
| 24:41 | Crear | Villager (Male) |
| 24:55 | Crear | Villager (Male) |
| 25:22 | Crear | Villager (Male) |
| 25:30 | Crear | Mangonel |
| 26:07 | Construir | Castle |
| 26:12 | Crear | Villager (Male) |
| 26:12 | Crear | Villager (Male) |
| 26:30 | Crear | Villager (Male) |
| 26:30 | Crear | Villager (Male) |
| 27:25 | Crear | Mangonel |
| 27:43 | Crear | Villager (Male) |
| 27:43 | Crear | Villager (Male) |
| 27:43 | Crear | Villager (Male) |
| 29:13 | Construir | Settlement |
| 29:13 | Crear | Villager (Male) |
| 29:14 | Crear | Villager (Male) |
| 29:14 | Crear | Villager (Male) |
| 29:17 | Construir | Farm |
| 29:18 | Construir | Farm |
| 29:18 | Construir | Farm |
| 29:18 | Construir | Farm |
| 29:18 | Construir | Farm |
| 29:19 | Construir | Farm |
| 29:19 | Construir | Farm |
| 29:19 | Construir | Farm |
| 29:19 | Construir | Farm |
| 29:36 | Crear | Villager (Male) |
| 29:40 | Construir | Farm |
| 29:40 | Construir | Farm |
| 29:40 | Construir | Farm |
| 29:40 | Construir | Farm |
| 29:41 | Construir | Farm |
| 30:02 | Construir | Settlement |
| 30:09 | Construir | Settlement |
| 30:30 | Crear | Villager (Male) |
| 30:30 | Crear | Villager (Male) |
| 30:46 | Crear | Villager (Male) |
| 30:46 | Crear | Villager (Male) |
| 31:12 | Crear | Villager (Male) |
| 31:12 | Crear | Villager (Male) |
| 31:18 | Construir | Farm |
| 31:31 | Crear | Battering Ram |
| 31:43 | Crear | Villager (Male) |
| 31:43 | Crear | Villager (Male) |
| 31:52 | Crear | Battering Ram |
| 32:04 | Construir | Castle |
| 32:34 | Crear | Villager (Male) |
| 32:34 | Crear | Villager (Male) |
| 32:35 | Crear | Villager (Male) |
| 32:46 | Construir | Town Center |
| 32:51 | Construir | Town Center |
| 33:04 | Construir | Archery Range |
| 33:05 | Crear | Villager (Male) |
| 33:06 | Crear | Villager (Male) |
| 33:06 | Crear | Villager (Male) |
| 33:22 | Crear | Villager (Male) |
| 33:27 | Construir | Farm |
| 33:27 | Construir | Farm |
| 33:27 | Construir | Farm |
| 33:41 | Crear | Villager (Male) |
| 33:45 | Construir | Farm |
| 33:45 | Construir | Farm |
| 33:45 | Construir | Farm |
| 33:45 | Construir | Farm |
| 33:59 | Crear | Skirmisher |
| 33:59 | Crear | Skirmisher |
| 33:59 | Crear | Skirmisher |
| 34:24 | Crear | Villager (Male) |
| 34:24 | Crear | Villager (Male) |
| 34:29 | Construir | Farm |
| 34:29 | Construir | Farm |
| 34:30 | Construir | Farm |
| 34:30 | Construir | Farm |
Build order — Yucatan_water_supremacy
Primeras 150 de 249 acciones detectadas
| 0:02 | Crear | Villager (Male) |
| 0:02 | Crear | Villager (Male) |
| 0:02 | Crear | Villager (Male) |
| 0:04 | Construir | House |
| 0:35 | Crear | Villager (Male) |
| 0:36 | Crear | Villager (Male) |
| 0:47 | Construir | House |
| 0:48 | Construir | House |
| 1:27 | Crear | Villager (Male) |
| 1:28 | Crear | Villager (Male) |
| 1:51 | Crear | Villager (Male) |
| 2:09 | Construir | Lumber Camp |
| 2:29 | Crear | Villager (Male) |
| 2:29 | Crear | Villager (Male) |
| 2:54 | Crear | Villager (Male) |
| 2:54 | Crear | Villager (Male) |
| 3:17 | Crear | Villager (Male) |
| 3:17 | Crear | Villager (Male) |
| 3:18 | Crear | Villager (Male) |
| 4:12 | Crear | Villager (Male) |
| 4:12 | Crear | Villager (Male) |
| 4:40 | Crear | Villager (Male) |
| 5:07 | Construir | Mill |
| 5:36 | Crear | Villager (Male) |
| 5:37 | Crear | Villager (Male) |
| 5:38 | Investigar | Loom |
| 6:47 | Investigar | Feudal Age |
| 6:47 | Investigar | Feudal Age |
| 7:50 | Crear | Villager (Male) |
| 8:33 | Construir | House |
| 8:58 | Construir | Mining Camp |
| 9:01 | Edad | Edad Feudal |
| 9:06 | Crear | Villager (Male) |
| 9:19 | Construir | Blacksmith |
| 9:24 | Construir | Watch Tower |
| 9:26 | Construir | Stone Wall |
| 9:28 | Construir | Stone Wall |
| 9:42 | Construir | House |
| 9:45 | Construir | Stone Wall |
| 9:46 | Construir | Stone Wall |
| 9:52 | Crear | Villager (Male) |
| 9:52 | Crear | Villager (Male) |
| 10:02 | Crear | Villager (Male) |
| 10:08 | Investigar | Fletching |
| 10:16 | Crear | Villager (Male) |
| 10:28 | Construir | Building 490 |
| 10:49 | Construir | House |
| 10:56 | Construir | Watch Tower |
| 11:09 | Construir | House |
| 11:13 | Construir | Stone Wall |
| 11:18 | Crear | Villager (Male) |
| 11:28 | Construir | Building 490 |
| 11:57 | Construir | House |
| 11:58 | Construir | Stone Wall |
| 12:09 | Crear | Villager (Male) |
| 12:12 | Crear | Villager (Male) |
| 12:42 | Crear | Villager (Male) |
| 12:44 | Crear | Villager (Male) |
| 13:07 | Crear | Villager (Male) |
| 13:11 | Construir | House |
| 13:24 | Investigar | Town Watch |
| 13:32 | Crear | Villager (Male) |
| 13:50 | Construir | Stone Wall |
| 13:51 | Construir | Stone Wall |
| 13:58 | Crear | Villager (Male) |
| 14:06 | Construir | Farm |
| 14:08 | Construir | Farm |
| 14:19 | Crear | Villager (Male) |
| 15:20 | Construir | Watch Tower |
| 15:28 | Crear | Villager (Male) |
| 16:05 | Crear | Villager (Male) |
| 16:09 | Construir | Mill |
| 16:29 | Crear | Villager (Male) |
| 16:53 | Construir | Building 490 |
| 16:54 | Crear | Villager (Male) |
| 16:57 | Construir | Farm |
| 16:58 | Construir | Farm |
| 16:58 | Crear | Villager (Male) |
| 17:24 | Construir | Farm |
| 17:36 | Crear | Villager (Male) |
| 17:38 | Construir | Farm |
| 17:52 | Crear | Villager (Male) |
| 17:54 | Construir | Farm |
| 18:09 | Construir | Stone Wall |
| 18:24 | Construir | Stone Wall |
| 18:29 | Construir | Stone Wall |
| 18:48 | Construir | Stone Wall |
| 18:51 | Construir | Stone Wall |
| 18:57 | Construir | Stone Wall |
| 19:01 | Crear | Villager (Male) |
| 19:02 | Crear | Villager (Male) |
| 19:04 | Construir | Farm |
| 19:04 | Crear | Villager (Male) |
| 19:13 | Construir | Mining Camp |
| 19:48 | Construir | Stone Wall |
| 19:52 | Crear | Villager (Male) |
| 20:19 | Construir | Market |
| 20:27 | Crear | Villager (Male) |
| 21:07 | Crear | Villager (Male) |
| 21:29 | Construir | Barracks |
| 21:38 | Investigar | Castle Age |
| 21:38 | Investigar | Castle Age |
| 21:52 | Construir | Watch Tower |
| 22:00 | Crear | Villager (Male) |
| 22:15 | Investigar | Double-Bit Axe |
| 22:15 | Investigar | Double-Bit Axe |
| 22:25 | Construir | Watch Tower |
| 22:50 | Crear | Villager (Male) |
| 23:01 | Crear | Spearman |
| 23:01 | Crear | Spearman |
| 23:17 | Construir | Stone Wall |
| 23:18 | Construir | Stone Wall |
| 23:18 | Construir | Stone Wall |
| 23:19 | Construir | Stone Wall |
| 23:21 | Construir | Stone Wall |
| 23:44 | Construir | Stone Wall |
| 23:47 | Construir | Stone Wall |
| 23:48 | Construir | Stone Wall |
| 23:51 | Construir | Stone Wall |
| 24:03 | Construir | House |
| 24:15 | Crear | Villager (Male) |
| 24:17 | Construir | Farm |
| 24:18 | Edad | Edad de los Castillos |
| 24:26 | Investigar | Bodkin Arrow |
| 24:47 | Construir | University |
| 25:10 | Crear | Villager (Male) |
| 25:29 | Investigar | Guard Tower (upgrade) |
| 25:32 | Construir | Mining Camp |
| 25:53 | Construir | Farm |
| 25:53 | Crear | Villager (Male) |
| 26:15 | Crear | Villager (Male) |
| 26:30 | Construir | Siege Workshop |
| 26:41 | Construir | Castle |
| 26:50 | Crear | Villager (Male) |
| 27:08 | Crear | Battering Ram |
| 27:25 | Crear | Villager (Male) |
| 28:03 | Crear | Battering Ram |
| 29:53 | Investigar | Ballistics |
| 29:59 | Crear | Battering Ram |
| 30:14 | Crear | Villager (Male) |
| 30:14 | Crear | Villager (Male) |
| 30:16 | Construir | Farm |
| 30:17 | Construir | Farm |
| 30:18 | Construir | Farm |
| 30:19 | Construir | Farm |
| 30:19 | Crear | Villager (Male) |
| 30:45 | Crear | Villager (Male) |
| 31:03 | Crear | Villager (Male) |
| 31:06 | Construir | Farm |
| 31:07 | Construir | Farm |
Build order — RILE-MAN
Primeras 150 de 437 acciones detectadas
| 0:01 | Crear | Villager (Male) |
| 0:02 | Crear | Villager (Male) |
| 0:03 | Construir | House |
| 0:04 | Construir | House |
| 0:29 | Crear | Villager (Male) |
| 0:51 | Crear | Villager (Male) |
| 0:52 | Crear | Villager (Male) |
| 1:27 | Crear | Villager (Male) |
| 1:45 | Construir | Lumber Camp |
| 1:51 | Investigar | Loom |
| 2:00 | Crear | Villager (Male) |
| 2:14 | Crear | Villager (Male) |
| 3:10 | Crear | Villager (Male) |
| 3:10 | Crear | Villager (Male) |
| 3:30 | Construir | House |
| 3:32 | Construir | House |
| 4:08 | Crear | Villager (Male) |
| 4:09 | Crear | Villager (Male) |
| 4:09 | Crear | Villager (Male) |
| 4:41 | Construir | Mill |
| 4:42 | Crear | Villager (Male) |
| 5:14 | Crear | Villager (Male) |
| 5:38 | Crear | Villager (Male) |
| 6:24 | Crear | Villager (Male) |
| 6:25 | Crear | Villager (Male) |
| 6:56 | Construir | Barracks |
| 7:18 | Investigar | Feudal Age |
| 7:18 | Investigar | Feudal Age |
| 8:06 | Construir | Building 796 |
| 8:17 | Construir | Palisade Wall |
| 8:48 | Crear | Villager (Male) |
| 8:48 | Crear | Villager (Male) |
| 9:28 | Edad | Edad Feudal |
| 9:33 | Construir | Stable |
| 9:39 | Investigar | Double-Bit Axe |
| 9:40 | Investigar | Horse Collar |
| 9:47 | Construir | Farm |
| 9:49 | Construir | Farm |
| 9:57 | Construir | House |
| 10:03 | Crear | Villager (Male) |
| 10:22 | Crear | Scout Cavalry |
| 10:22 | Crear | Scout Cavalry |
| 10:25 | Construir | House |
| 10:26 | Construir | House |
| 10:38 | Crear | Villager (Male) |
| 10:48 | Construir | Farm |
| 10:49 | Crear | Villager (Male) |
| 11:18 | Crear | Villager (Male) |
| 11:22 | Construir | House |
| 11:25 | Construir | Building 796 |
| 11:44 | Crear | Scout Cavalry |
| 11:44 | Crear | Scout Cavalry |
| 11:48 | Crear | Villager (Male) |
| 11:51 | Construir | Farm |
| 11:52 | Construir | Farm |
| 11:53 | Construir | Farm |
| 12:13 | Crear | Villager (Male) |
| 12:34 | Crear | Villager (Male) |
| 12:34 | Crear | Villager (Male) |
| 12:41 | Crear | Villager (Male) |
| 12:54 | Crear | Scout Cavalry |
| 12:54 | Crear | Scout Cavalry |
| 13:01 | Construir | Farm |
| 13:01 | Construir | Farm |
| 13:02 | Construir | Farm |
| 13:14 | Construir | Building 796 |
| 13:42 | Crear | Villager (Male) |
| 13:45 | Crear | Scout Cavalry |
| 14:17 | Crear | Scout Cavalry |
| 14:29 | Crear | Villager (Male) |
| 14:30 | Crear | Villager (Male) |
| 14:33 | Construir | Blacksmith |
| 14:38 | Construir | Farm |
| 14:38 | Construir | Farm |
| 14:51 | Crear | Scout Cavalry |
| 15:00 | Construir | House |
| 15:01 | Construir | House |
| 15:08 | Construir | House |
| 15:09 | Construir | House |
| 15:10 | Construir | House |
| 15:16 | Investigar | Scale Barding Armor |
| 15:24 | Crear | Villager (Male) |
| 15:36 | Investigar | Wheelbarrow |
| 15:45 | Construir | Mining Camp |
| 15:51 | Crear | Villager (Male) |
| 16:31 | Construir | Farm |
| 16:32 | Construir | Farm |
| 16:41 | Construir | Farm |
| 16:43 | Construir | Farm |
| 17:32 | Crear | Villager (Male) |
| 17:33 | Crear | Villager (Male) |
| 17:35 | Crear | Villager (Male) |
| 17:39 | Construir | Farm |
| 17:40 | Construir | Farm |
| 17:41 | Construir | Farm |
| 17:42 | Crear | Villager (Male) |
| 17:51 | Investigar | Bloodlines |
| 18:11 | Construir | Stable |
| 18:48 | Crear | Villager (Male) |
| 19:31 | Construir | Stable |
| 19:34 | Construir | House |
| 19:35 | Construir | House |
| 19:36 | Construir | House |
| 19:47 | Investigar | Castle Age |
| 19:47 | Investigar | Castle Age |
| 19:51 | Crear | Scout Cavalry |
| 19:51 | Crear | Scout Cavalry |
| 20:14 | Crear | Scout Cavalry |
| 20:21 | Construir | Farm |
| 20:24 | Construir | Farm |
| 21:10 | Crear | Villager (Male) |
| 22:27 | Edad | Edad de los Castillos |
| 22:31 | Investigar | Light Cavalry (upgrade) |
| 22:31 | Investigar | Husbandry |
| 22:33 | Investigar | Chain Barding Armor |
| 22:34 | Crear | Villager (Male) |
| 22:34 | Crear | Villager (Male) |
| 22:34 | Crear | Villager (Male) |
| 23:01 | Crear | Knight |
| 23:01 | Crear | Knight |
| 23:02 | Crear | Knight |
| 23:02 | Crear | Knight |
| 23:02 | Crear | Knight |
| 23:03 | Crear | Scout Cavalry |
| 23:03 | Crear | Scout Cavalry |
| 23:16 | Crear | Villager (Male) |
| 23:16 | Crear | Villager (Male) |
| 23:24 | Construir | Town Center |
| 23:26 | Construir | Town Center |
| 23:38 | Crear | Knight |
| 23:39 | Crear | Scout Cavalry |
| 23:40 | Crear | Scout Cavalry |
| 23:40 | Crear | Scout Cavalry |
| 24:06 | Crear | Knight |
| 24:07 | Crear | Scout Cavalry |
| 24:08 | Crear | Scout Cavalry |
| 24:14 | Crear | Villager (Male) |
| 24:25 | Crear | Scout Cavalry |
| 24:25 | Crear | Scout Cavalry |
| 24:27 | Crear | Villager (Male) |
| 24:28 | Crear | Villager (Male) |
| 24:32 | Crear | Villager (Male) |
| 24:40 | Construir | Market |
| 24:50 | Crear | Scout Cavalry |
| 24:50 | Crear | Scout Cavalry |
| 24:55 | Crear | Villager (Male) |
| 25:06 | Construir | Farm |
| 25:07 | Construir | Farm |
| 25:08 | Construir | Farm |
| 25:09 | Construir | Farm |
Cronología de la partida
| 3:08 | Tameryig1t · wall_segment Palisade Wall x10 |
| 3:22 | Sebastianquijanog · wall_segment Palisade Wall x10 |
| 5:25 | El Revolver MEX · wall_segment Palisade Wall x1 |
| 5:42 | Geolia · first_building Barracks |
| 5:47 | Geolia · wall_segment Palisade Wall x1 |
| 5:55 | Geolia · wall_segment Palisade Wall x1 |
| 5:56 | Geolia · wall_segment Palisade Wall x1 |
| 6:23 | Tameryig1t · wall_segment Palisade Wall x10 |
| 6:56 | RILE-MAN · first_building Barracks |
| 7:30 | chentever.twitch · first_building Barracks |
| 7:44 | Sebastianquijanog · first_building Barracks |
| 8:17 | RILE-MAN · wall_segment Palisade Wall x7 |
| 9:01 | Yucatan_water_supremacy · age_up feudal |
| 9:20 | chentever.twitch · age_up feudal |
| 9:26 | Yucatan_water_supremacy · wall_segment Stone Wall x1 |
| 9:28 | Yucatan_water_supremacy · wall_segment Stone Wall x1 |
| 9:28 | RILE-MAN · age_up feudal |
| 9:32 | chentever.twitch · first_building Archery Range |
| 9:33 | RILE-MAN · first_building Stable |
| 9:45 | Yucatan_water_supremacy · wall_segment Stone Wall x1 |
| 9:46 | Yucatan_water_supremacy · wall_segment Stone Wall x1 |
| 10:07 | Geolia · wall_segment Palisade Wall x1 |
| 10:33 | Mr_Mantequilla · age_up feudal |
| 10:39 | Sebastianquijanog · age_up feudal |
| 10:53 | Geolia · age_up feudal |
| 11:13 | Yucatan_water_supremacy · wall_segment Stone Wall x1 |
| 11:20 | Geolia · first_building Archery Range |
| 11:25 | El Revolver MEX · age_up feudal |
| 11:58 | Yucatan_water_supremacy · wall_segment Stone Wall x2 |
| 12:15 | El Revolver MEX · wall_segment Stone Wall x7 |
| 12:26 | Mr_Mantequilla · first_building Barracks |
| 12:27 | El Revolver MEX · wall_segment Stone Wall x1 |
| 13:07 | Sebastianquijanog · first_market_buy 100 food |
| 13:50 | Yucatan_water_supremacy · wall_segment Stone Wall x1 |
| 13:51 | Yucatan_water_supremacy · wall_segment Stone Wall x1 |
| 14:31 | Mr_Mantequilla · age_up castle |
| 14:41 | Mr_Mantequilla · first_building Castle |
| 15:05 | Tameryig1t · first_building Barracks |
| 15:14 | Sebastianquijanog · age_up castle |
| 16:00 | Tameryig1t · first_building Stable |
| 17:33 | Sebastianquijanog · first_building Castle |
| 17:46 | Mr_Mantequilla · first_building Siege Workshop |
| 18:09 | Yucatan_water_supremacy · wall_segment Stone Wall x1 |
| 18:24 | Yucatan_water_supremacy · wall_segment Stone Wall x1 |
| 18:28 | Tameryig1t · first_market_sell 100 wood |
| 18:29 | Yucatan_water_supremacy · wall_segment Stone Wall x3 |
| 18:45 | El Revolver MEX · first_market_sell 500 wood |
| 18:46 | El Revolver MEX · first_market_buy 100 food |
| 18:48 | Yucatan_water_supremacy · wall_segment Stone Wall x6 |
| 18:51 | Yucatan_water_supremacy · wall_segment Stone Wall x1 |
| 18:56 | Geolia · wall_segment Palisade Wall x1 |
| 18:57 | Yucatan_water_supremacy · wall_segment Stone Wall x1 |
| 19:24 | Mr_Mantequilla · first_market_buy 100 wood |
| 19:37 | chentever.twitch · first_market_sell 100 stone |
| 19:39 | chentever.twitch · first_market_buy 100 food |
| 19:48 | Yucatan_water_supremacy · wall_segment Stone Wall x5 |
| 20:06 | El Revolver MEX · first_building Barracks |
| 20:23 | Geolia · age_up castle |
| 20:33 | Geolia · first_building Castle |
| 21:29 | Yucatan_water_supremacy · first_building Barracks |
| 21:35 | El Revolver MEX · age_up castle |
| 22:23 | chentever.twitch · wall_segment Stone Wall x15 |
| 22:27 | RILE-MAN · age_up castle |
| 22:54 | Tameryig1t · first_building Monastery |
| 23:11 | chentever.twitch · age_up castle |
| 23:17 | Yucatan_water_supremacy · wall_segment Stone Wall x1 |
| 23:18 | Yucatan_water_supremacy · wall_segment Stone Wall x1 |
| 23:18 | Yucatan_water_supremacy · wall_segment Stone Wall x1 |
| 23:19 | Yucatan_water_supremacy · wall_segment Stone Wall x1 |
| 23:21 | Yucatan_water_supremacy · wall_segment Stone Wall x1 |
| 23:44 | Yucatan_water_supremacy · wall_segment Stone Wall x3 |
| 23:47 | Yucatan_water_supremacy · wall_segment Stone Wall x1 |
| 23:48 | Yucatan_water_supremacy · wall_segment Stone Wall x1 |
| 23:51 | Yucatan_water_supremacy · wall_segment Stone Wall x1 |
| 24:18 | Yucatan_water_supremacy · age_up castle |
| 24:25 | Yucatan_water_supremacy · first_market_sell 100 wood |
| 24:34 | chentever.twitch · first_building Castle |
| 25:19 | El Revolver MEX · first_building Siege Workshop |
| 25:27 | Tameryig1t · first_building Castle |
| 26:03 | RILE-MAN · first_market_buy 100 stone |
| 26:28 | Tameryig1t · first_building Siege Workshop |
| 26:30 | Yucatan_water_supremacy · first_building Siege Workshop |
| 26:34 | Mr_Mantequilla · first_market_sell 100 wood |
| 26:41 | Yucatan_water_supremacy · first_building Castle |
| 27:06 | El Revolver MEX · first_building Monastery |
| 29:00 | El Revolver MEX · first_building Castle |
| 29:46 | chentever.twitch · first_building Siege Workshop |
| 30:37 | Geolia · first_market_sell 500 wood |
| 32:29 | RILE-MAN · first_building Monastery |
| 33:04 | Mr_Mantequilla · first_building Archery Range |
| 33:58 | Geolia · first_market_buy 100 wood |
| 33:58 | Geolia · age_up imperial |
| 34:23 | Mr_Mantequilla · tribute_sent a jugador 1 |
| 34:23 | Mr_Mantequilla · tribute_sent a jugador 2 |
| 34:23 | Mr_Mantequilla · tribute_sent a jugador 3 |
| 34:23 | Mr_Mantequilla · tribute_sent a jugador 4 |
| 34:23 | Mr_Mantequilla · tribute_sent a jugador 5 |
| 34:23 | Mr_Mantequilla · tribute_sent a jugador 7 |
| 34:23 | Mr_Mantequilla · tribute_sent a jugador 8 |
| 34:25 | Tameryig1t · first_market_buy 100 stone |
| 35:02 | Yucatan_water_supremacy · wall_segment Stone Wall x1 |
| 35:20 | RILE-MAN · first_building Castle |
| 35:49 | Sebastianquijanog · first_building Siege Workshop |
| 36:25 | RILE-MAN · age_up imperial |
| 37:14 | El Revolver MEX · wall_segment Stone Wall x1 |
| 37:18 | El Revolver MEX · wall_segment Stone Wall x1 |
| 37:20 | El Revolver MEX · age_up imperial |
| 37:48 | RILE-MAN · first_market_sell 500 wood |
| 38:17 | Sebastianquijanog · age_up imperial |
| 38:19 | Yucatan_water_supremacy · wall_segment Stone Wall x1 |
| 38:19 | Yucatan_water_supremacy · wall_segment Stone Wall x1 |
| 38:26 | Sebastianquijanog · first_market_sell 100 food |
| 39:40 | El Revolver MEX · wall_segment Stone Wall x1 |
| 39:43 | El Revolver MEX · wall_segment Stone Wall x1 |
| 40:09 | Yucatan_water_supremacy · age_up imperial |
| 40:31 | Tameryig1t · first_building Archery Range |
| 41:38 | RILE-MAN · first_building Archery Range |
| 44:22 | Mr_Mantequilla · age_up imperial |
| 44:24 | El Revolver MEX · resign |
[ ANÁLISIS IA · 1 CRÉDITO ]
¿Qué pasó realmente en esta partida?
Wolo.gg analiza cada decisión: build order, eco, micro, errores típicos por bracket. Análisis personalizado por WhatsApp o Discord en 30 segundos.
Guía civ
Francos
Perfil
Jugador #14256992